 Dungeon Crawl Stone Soup version 0.32-a0-791-gfc315c9ecd (webtiles) character file.

Game seed: 18055796339551669080

72920 Winter the Executioner (level 15, -10/117 HPs)
             Began as a Mountain Dwarf Fighter on Mar 20, 2024.
             Was a High Priest of Hepliaklqana.
             Mangled by a stone giant (28 damage)
             ... on level 1 of the Depths.
             The game lasted 00:41:29 (15095 turns).

Winter the Executioner (Mountain Dwarf Fighter)    Turns: 15095, Time: 00:41:31

Health: -10/117    AC: 27    Str: 29    XL:     15   Next: 2%
Magic:  15/15      EV: 13    Int: 14    God:    Hepliaklqana [*****.]
Gold:   1090       SH:  0    Dex: 11    Spells: 14/14 levels left

rFire   . . .        r - +8 frozen axe "Frostbite" {freeze, freezing cloud, *Noise Fly rC+}
rCold   + + .        (shield currently unavailable)
rNeg    . . .        N - +2 plate armour
rPois   .            S - +2 hat of Death Resistance {Int+5 Dex+2}
rElec   .            Q - +0 cloak
rCorr   .            W - +2 pair of gloves {Str+3}
SInv    .            t - +2 pair of boots {rampage}
Will    +....        L - amulet of regeneration Stlth
                     B - ring of protection from cold
HPRegen 1.19/turn    F - +5 ring of evasion
MPRegen 0.14/turn

%: rampage
@: flying
A: reduced essence, runic magic, artefact enchanting
a: Renounce Religion, Recall Ancestor, Ancestor Identity, Transference, Idealise


You were on level 1 of the Depths.
You worshipped Hepliaklqana.
Hepliaklqana was extremely pleased with you.
You visited 2 branches of the dungeon, and saw 16 of its levels.
You also visited: Bailey.

You collected 1178 gold pieces.
You spent 88 gold pieces at shops.

Inventory:

Hand Weapons
 r - the +8 frozen axe "Frostbite" (weapon) {freeze, freezing cloud, *Noise Fly rC+}
   (You acquired it in a bailey)

   rC+:       It protects you from cold.
   Fly:       It grants you flight.
   *Noise:    It may make a loud noise when swung.
 w - the +8 whip "Setsiurgh" {antimagic, +Blink rElec rC-}
   (You found it on level 14 of the Dungeon)

   rC-:       It makes you vulnerable to cold.
   rElec:     It insulates you from electricity.
   +Blink:    It lets you blink.
Missiles
 m - 5 atropa-tipped darts (quivered)
 o - 12 boomerangs
 u - 34 poisoned darts
 R - a throwing net
Armour
 t - a +2 pair of boots of rampaging (worn)
 N - a +2 plate armour (worn)
 Q - a +0 cloak (worn)
 S - the +2 hat of Death Resistance (worn) {Int+5 Dex+2}
   (You found it on level 9 of the Dungeon)

   Int+5:     It affects your intelligence (+5).
   Dex+2:     It affects your dexterity (+2).
 W - a +2 pair of gloves of strength (worn)
Jewellery
 B - a ring of protection from cold (left hand)
 E - an amulet of magic regeneration
 F - a +5 ring of evasion (right hand)
 L - an amulet of regeneration (around neck)
Wands
 c - a wand of roots (5)
 j - a wand of digging (13)
 v - a wand of flame (62)
 K - a wand of polymorph (6)
 O - a wand of charming (11)
 U - a wand of light (12)
Scrolls
 e - 5 scrolls of amnesia
 f - 2 scrolls of fog
 g - 2 scrolls of teleportation
 h - a scroll of butterflies {unknown}
 i - 3 scrolls of poison
 k - 3 scrolls of torment
 n - a scroll of revelation {unknown}
 s - 2 scrolls of immolation
 y - 3 scrolls of blinking
 z - 5 scrolls of fear
 A - 2 scrolls of vulnerability
 I - a scroll of noise {unknown}
 J - a scroll of enchant weapon {unknown}
Potions
 a - 10 potions of ambrosia
 b - 3 potions of cancellation
 d - 4 potions of might
 l - 4 potions of haste
 p - a potion of enlightenment {unknown}
 q - a potion of attraction {unknown}
 x - 5 potions of curing
 C - a potion of magic {unknown}
 D - 8 potions of brilliance
 G - 3 potions of heal wounds {unknown}
 H - a potion of resistance {unknown}
 M - a potion of mutation {unknown}
 P - a potion of lignification {unknown}
 Z - a potion of berserk rage {unknown}


   Skills:
 + Level 11.6 Fighting
 * Level 22.3(22.6) Axes
 - Level 6.2(15.9) Maces & Flails
 + Level 10.7 Armour
 + Level 4.0 Dodging
 - Level 0.6 Stealth
 + Level 7.0 Shields


You had 14 spell levels left.
You didn't know any spells.
Your spell library contained the following spells:

 Spells                   Type           Power      Damage    Failure   Level
 Magic Dart               Conj           0%         1d3       43%         1
 Slow                     Hex            0%         N/A       43%         1
 Sting                    Conj/Alch      0%         1d3       43%         1
 Summon Small Mammal      Summ           0%         N/A       43%         1
 Lesser Beckoning         Tloc           0%         N/A       56%         2
 Searing Ray              Conj           0%         2d4       56%         2
 Call Canine Familiar     Summ           0%         N/A       80%         3
 Confusing Touch          Hex            0%         N/A       80%         3
 Gell's Gravitas          Tloc           0%         N/A       80%         3
 Inner Flame              Hex/Fire       0%         N/A       80%         3
 Teleport Other           Tloc           0%         N/A       80%         3
 Vampiric Draining        Necr           0%         2d6       80%         3
 Brom's Barrelling Bould  Conj/Erth      0%         2d3       99%         4
 Flame Wave               Conj/Fire      0%         2d4       99%         4
 Fulminant Prism          Conj/Alch      0%         3d5       99%         4
 Sticky Flame             Fire/Alch      0%         2d4       99%         4
 Fireball                 Conj/Fire      0%         3d3       100%        5
 Iskenderun's Battlesphe  Conj           0%         2d6       100%        5
 Conjure Ball Lightning   Conj/Air       0%         3x3d6     100%        6
 Orb of Destruction       Conj           0%         9d5       100%        7


Dungeon Overview and Level Annotations

Branches:
Dungeon (15/15)            Temple (0/1) D:6            Lair (0/5) D:9
    Orc (0/2) D:11         Vaults (0/5) D:14         Depths (1/4) D:15
 Bailey (visited)

Altars:
Hepliaklqana
Nemelex Xobeh
Ru
Sif Muna
Uskayaw
Zin
Beogh

Shops:
D:15 ?


Innate Abilities, Weirdness & Mutations

Your life essence is reduced to manifest your ancestor. (-10% HP)
Your spellcasting is much less encumbered by armour.
You can use scrolls of enchantment on lesser artefacts.


Message History

The stone giant dissolves into shadows!
As you open the door, it creaks loudly!
You hear a deafening roar!
You hear a shout! x2; You hear a horrible gurgling sound! x2
Found 3 scrolls of fear and a potion of curing.
A tengu reaver comes into view.
It is wielding a +2 halberd of protection.
The tengu reaver shouts!
There is an open door here.
A purple ugly thing and a stone giant come into view.
The purple ugly thing gurgles horribly!
The stone giant shouts!
The stone giant throws a large rock.
The large rock hits you.
The purple ugly thing moves out of view.
The stone giant throws a large rock.
The large rock misses you.
A purple ugly thing comes into view.
A fire dragon comes into view.
The fire dragon roars deafeningly!
You hear a horrible gurgling sound!
You hear a shout!
You hear a grinding noise.
The fire dragon breathes flames at you. The blast of flame hits you!!!
Found a runed short sword.
A purple ugly thing comes into view.
You slice the fire dragon!! You freeze the fire dragon!
The fire dragon is moderately wounded.
You slash the stone giant! You freeze the stone giant.
The fire dragon bites you!
The fire dragon claws you but does no damage.
The fire dragon tramples you but does no damage.
The stone giant misses you.
You slice the fire dragon!! You freeze the fire dragon!
The fire dragon is almost dead.
You hit the stone giant. You freeze the stone giant.
The purple ugly thing basks in the mutagenic energy from its kin and changes!
The tengu reaver casts a spell at you. The bolt of acid hits you!!!
* * * LOW HITPOINT WARNING * * *
Spring closely misses the tengu reaver.
The fire dragon is engulfed in freezing vapours.
You kill the fire dragon!
The stone giant hits you!!
You die...
Hepliaklqana delivers you to your ancestors.

#). #.. #.. ..
#u #u###
#.####.C.#
......ยง@.#+####
#######........
########........
#..)...'.?......
##.#####...RQ...
#...# #..!.....
###.# #........
#<#.# #........
#.#.# #........


You could see the friendly Spring the battlemage, a stone giant, a tengu reaver
(repels missiles, ally target) and 2 ugly things.

Vanquished Creatures
  Louise (D:15)
  2 very ugly things (D:15)
  An ettin (Depths:1)
  A fire dragon (Depths:1)
  A rakshasa (D:15)
  A hydra (D:15)
  An ogre mage (D:12)
  3 boulder beetles
  A death knight (D:14)
  4 centaur warriors
  2 tengu warriors
  4 two-headed ogres
  An orc high priest (Bailey)
  5 skeletal warriors
  A glowing orange brain (D:15)
  A glowing orange brain (shapeshifter) (Depths:1)
  The ghost of shadizar the Thaumaturge, a novice DjCj (D:6)
  2 orc knights (Bailey)
  A deep elf pyromancer (D:15)
  6 ugly things
  4 cyclopes
  3 manticores
  A meliai (D:15)
  An elephant (shapeshifter) (D:15)
  A meliai (shapeshifter) (D:14)
  2 gargoyles
  A tengu conjurer (D:12)
  2 yaktaurs (D:14)
  A freezing wraith (D:14)
  3 trolls
  A queen bee (D:9)
  A hornet (D:10)
  5 slime creatures
  Sigmund (D:5)
  A glass eye (shapeshifter) (D:12)
  2 wraiths
  9 yaks
  A vampire (D:11)
  2 basilisks (D:13)
  7 redbacks (D:13)
  2 vampire mosquitoes (D:14)
  Duvessa (D:7)
  3 acid dragons
  12 orc warriors
  A sky beast (D:6)
  4 ogres
  2 laughing skulls (D:14)
  3 ice beasts
  6 centaurs
  2 phantoms
  2 kobold brigands (D:13)
  4 bullfrogs
  A gnoll sergeant (D:9)
  8 scorpions
  10 wights
  Dowan (D:7)
  32 killer bees
  4 howler monkeys
  5 electric eels
  2 bombardier beetles
  3 hounds
  5 orc priests
  A gnoll bouda (D:5)
  2 sleepcaps
  Ijyb (D:3)
  Natasha (thrice) (D:4)
  9 iguanas
  10 orc wizards
  Robin (D:3)
  18 gnolls
  2 adders
  2 white imps
  6 ufetubi
  2 dart slugs (D:2)
  2 ribbon worms
  50 orcs
  8 endoplasms
  4 giant cockroaches
  18 hobgoblins
  12 jackals
  3 quokkas
  3 ball pythons
  2 bats (D:1)
  7 frilled lizards
  29 goblins
  18 kobolds
  5 rats
420 creatures vanquished.

Vanquished Creatures (collateral kills)
  A yaktaur captain (D:14)
  A tengu warrior (D:13)
  A phantasmal warrior (D:14)
  A manticore (D:13)
  A slime creature (D:12)
  2 meliai (D:15)
  2 unseen horrors
  2 kobold demonologists
  A yaktaur (shapeshifter) (D:11)
  A hornet (D:8)
  A yak (D:9)
  3 wraiths
  The ghost of Turgor the Shooter, an amateur CoHu of Ru (D:7)
  A steam dragon (D:9)
  A vampire mosquito (D:14)
  5 orc warriors
  An ice beast (D:7)
  A black bear (D:9)
  3 centaurs
  A kobold brigand (D:8)
  A bullfrog (D:7)
  A gnoll sergeant (D:6)
  3 wights
  24 killer bees
  A howler monkey (D:10)
  3 electric eels (Bailey)
  A sleepcap (D:6)
  An orc priest (D:8)
  A gnoll bouda (D:8)
  8 orc wizards
  7 gnolls
  9 orcs
  5 goblins
  A hobgoblin (Bailey)
  4 kobolds
101 creatures vanquished.

Vanquished Creatures (others)
  4 battlemagi
4 creatures vanquished.

Grand Total: 525 creatures vanquished

Notes
Turn   | Place    | Note
-------+----------+-------------------------------------------
     0 | D:1      | Winter the Mountain Dwarf Fighter began the quest for the
                  | Orb.
     0 | D:1      | Reached XP level 1. HP: 19/19 MP: 1/1
   176 | D:1      | Reached XP level 2. HP: 10/26 MP: 2/2
   698 | D:1      | Reached XP level 3. HP: 33/33 MP: 3/3
   894 | D:2      | Reached skill level 3 in Axes
  1185 | D:2      | You fall into a shaft and drop 1 floor!
  1984 | D:3      | Reached XP level 4. HP: 36/40 MP: 4/4
  1985 | D:3      | Reached skill level 4 in Axes
  2131 | D:3      | Noticed Ijyb
  2148 | D:3      | Killed Ijyb
  2450 | D:3      | Found a hazy altar of Hepliaklqana.
  2570 | D:3      | Reached XP level 5. HP: 44/46 MP: 5/5
  2608 | D:3      | Found a shimmering blue altar of Sif Muna.
  2610 | D:3      | Noticed Robin
  2650 | D:3      | Killed Robin
  2824 | D:4      | Noticed a phantom
  2846 | D:4      | Killed a phantom
  2847 | D:4      | Reached skill level 5 in Axes
  2890 | D:4      | Reached XP level 6. HP: 41/52 MP: 6/6
  3012 | D:4      | Noticed Natasha
  3032 | D:4      | Killed Natasha
  3288 | D:4      | Reached skill level 6 in Axes
  3288 | D:4      | Reached skill level 1 in Dodging
  3362 | D:4      | Found a sacrificial altar of Ru.
  3396 | D:4      | Noticed Natasha
  3408 | D:4      | Killed Natasha
  3740 | D:4      | Noticed Natasha
  3748 | D:4      | Killed Natasha
  3911 | D:3      | Became a worshipper of Hepliaklqana the Forgotten
  3982 | D:5      | Entered Level 5 of the Dungeon
  3998 | D:5      | Reached XP level 7. HP: 35/59 MP: 7/7
  4002 | D:5      | Noticed Sigmund
  4010 | D:5      | Reached skill level 7 in Axes
  4024 | D:5      | Killed Sigmund
  4503 | D:5      | Reached skill level 8 in Axes
  4503 | D:5      | Reached skill level 5 in Armour
  4531 | D:5      | Reached skill level 5 in Fighting
  4531 | D:5      | Reached XP level 8. HP: 68/68 MP: 8/8
  4881 | D:5      | Reached skill level 9 in Axes
  5352 | D:6      | Got the Omnibus of the Pure Demons
  5484 | D:6      | Reached * piety under Hepliaklqana
  5557 | D:6      | Identified the orb "Ufue" {light, rN++ Dex-4}
  5687 | D:6      | Found a staircase to the Ecumenical Temple.
  5709 | D:6      | Reached skill level 10 in Axes
  5898 | D:6      | Reached XP level 9. HP: 56/67 MP: 9/9
  6194 | D:6      | Found a large runed translucent door.
  6194 | D:6      | Found a large runed translucent door.
  6197 | D:6      | Noticed shadizar's ghost (novice DjCj)
  6211 | D:6      | Killed shadizar's ghost
  6212 | D:6      | Reached skill level 11 in Axes
  6212 | D:6      | Reached skill level 5 in Shields
  6615 | D:7      | Reached ** piety under Hepliaklqana
  6616 | D:7      | Remembered your ancestor Spring as a battlemage
  6635 | D:7      | Reached skill level 1 in Maces & Flails
  6994 | D:7      | Found a transporter.
  6999 | D:7      | Found a transporter.
  6999 | D:7      | Noticed Turgor's ghost (amateur CoHu)
  7238 | D:7      | Noticed Duvessa
  7239 | D:7      | Noticed Dowan
  7244 | D:7      | Killed Duvessa
  7245 | D:7      | Killed Dowan
  7459 | D:7      | Killed Turgor's ghost
  7460 | D:7      | Reached skill level 5 in Maces & Flails
  7460 | D:7      | Reached XP level 10. HP: 74/75 MP: 10/10
  7763 | D:8      | Paralysed by a hornet for 1 turns
  7903 | D:8      | Reached *** piety under Hepliaklqana
  8190 | D:9      | Noticed a two-headed ogre
  8197 | D:9      | Killed a two-headed ogre
  8198 | D:9      | Reached skill level 12 in Axes
  8323 | D:9      | Identified the +2 mace of Gicvyful {heavy, Str+3}
  8488 | D:9      | Reached skill level 13 in Axes
  8579 | D:9      | Found a sparkling altar of Nemelex Xobeh.
  8636 | D:9      | Found a flagged portal.
  8647 | Bailey   | Entered a bailey
  8780 | Bailey   | Noticed an orc knight
  8789 | Bailey   | Killed an orc knight
  8790 | Bailey   | Reached XP level 11. HP: 69/82 MP: 11/11
  8840 | Bailey   | Noticed an orc knight
  8868 | Bailey   | Killed an orc knight
  8885 | Bailey   | Found an iron altar of Okawaru.
  8885 | Bailey   | Noticed an orc high priest
  8889 | Bailey   | Noticed a sixfirhy
  8894 | Bailey   | Noticed a sixfirhy
  8898 | Bailey   | Noticed a sun demon
  8899 | Bailey   | Killed an orc high priest
  9104 | Bailey   | Reached skill level 14 in Axes
  9234 | Bailey   | Acquired the +8 frozen axe "Frostbite" {freeze, freezing
                  | cloud, *Noise Fly rC+}
  9234 | Bailey   | Found the +8 frozen axe "Frostbite" {freeze, freezing
                  | cloud, *Noise Fly rC+}
  9667 | D:9      | Found a staircase to the Lair.
  9671 | D:9      | Identified the +2 hat of Death Resistance {Int+5 Dex+2}
  9826 | D:9      | Reached skill level 15 in Axes
  9987 | D:10     | Entered Level 10 of the Dungeon
 10014 | D:10     | Noticed a two-headed ogre
 10022 | D:10     | Killed a two-headed ogre
 10033 | D:10     | Reached **** piety under Hepliaklqana
 10455 | D:11     | Reached skill level 16 in Axes
 10480 | D:11     | Found a staircase to the Orcish Mines.
 10492 | D:11     | Noticed a boulder beetle
 10511 | D:11     | Killed a boulder beetle
 10512 | D:11     | Reached XP level 12. HP: 31/92 MP: 12/12
 10629 | D:11     | Noticed a two-headed ogre
 10636 | D:11     | Killed a two-headed ogre
 11081 | D:11     | Reached skill level 17 in Axes
 11404 | D:12     | Noticed a boulder beetle
 11415 | D:12     | Noticed a two-headed ogre
 11417 | D:12     | Killed a boulder beetle
 11426 | D:12     | Killed a two-headed ogre
 11463 | D:12     | Noticed an ogre mage
 11467 | D:12     | Killed an ogre mage
 11537 | D:12     | Reached skill level 18 in Axes
 11620 | D:12     | Reached ***** piety under Hepliaklqana
 11843 | D:12     | Noticed a tengu warrior
 11852 | D:12     | Killed a tengu warrior
 12168 | D:13     | Noticed a boulder beetle
 12176 | D:13     | Killed a boulder beetle
 12236 | D:13     | Noticed a tengu warrior
 12242 | D:13     | Killed a tengu warrior
 12243 | D:13     | Reached skill level 19 in Axes
 12271 | D:13     | Identified the +6 hand axe of Plunder {drain, rElec rN+
                  | MP+9 Dex-5}
 12280 | D:13     | Reached XP level 13. HP: 45/100 MP: 13/13
 12419 | D:13     | Found a roughly hewn altar of Beogh.
 12676 | D:14     | Reached skill level 10 in Fighting
 12937 | D:14     | Reached skill level 20 in Axes
 12944 | D:14     | Identified the +8 whip "Setsiurgh" {antimagic, +Blink rElec
                  | rC-}
 12969 | D:14     | Found a gate to the Vaults.
 13542 | D:15     | Entered Level 15 of the Dungeon
 13594 | D:15     | Found a hide-covered altar of Uskayaw.
 13691 | D:15     | Reached skill level 21 in Axes
 13691 | D:15     | Reached skill level 10 in Armour
 13691 | D:15     | HP: 2/102 [skeletal warrior/+0 dire flail (14)]
 13751 | D:15     | Found Bipputad's Magic Scroll Emporium.
 13771 | D:15     | Bought a scroll of identify for 22 gold pieces
 13771 | D:15     | Bought a scroll of identify for 22 gold pieces
 13771 | D:15     | Bought a scroll of identify for 22 gold pieces
 13771 | D:15     | Bought a scroll of identify for 22 gold pieces
 13777 | D:15     | Reached XP level 14. HP: 84/111 MP: 14/14
 13868 | D:15     | Noticed Louise
 13877 | D:15     | Killed Louise
 13998 | D:15     | Noticed a red very ugly thing
 13998 | D:15     | Noticed a white very ugly thing
 14002 | D:15     | Found a staircase to the Depths.
 14006 | D:15     | Killed a red very ugly thing
 14007 | D:15     | Reached skill level 22 in Axes
 14009 | D:15     | Killed a red very ugly thing
 14505 | D:15     | Found a glowing silver altar of Zin.
 14505 | D:15     | Noticed an angel
 15052 | Depths:1 | Entered Level 1 of the Depths
 15082 | Depths:1 | Reached XP level 15. HP: 117/117 MP: 15/15
 15089 | Depths:1 | Noticed a tengu reaver
 15095 | Depths:1 | Mangled by a stone giant

Illustrated notes

Levels and vault maps discovered:
D:1:      erik_arrival_orb_chamber, layout_loops_ring, minmay_tromino_v4_a
D:2:      layout_basic
D:3:      layout_loops_cross, nicolae_sif_muna_condensation,
          nicolae_hepliaklqana_hippocampus, minmay_misc_feat_hallway,
          uniq_robin, uniq_ijyb
D:4:      layout_gridville, lemuel_doored_altar, uniq_natasha
D:5:      layout_rooms, minmay_bent, uniq_sigmund
D:6:      layout_loops_corners, minmay_temple_entry_sparse_star,
          ebering_ghost_disaster_area, kennysheep_small_square
D:7:      layout_basic, gammafunk_ghost_hive, uniq_duvessa
D:8:      layout_cave_pools, minmay_misc_feat_four_crosses
D:9:      layout_roguey, nemelex_diamond_rough_becter,
          grunt_lair_entry_orc_guard_hut, enter_bailey_3, special_room
          [special_room_bee]
D:10:     layout_rooms
D:11:     layout_long_grid, erik_orc_4, grunt_ministairs_10,
          chequers_mini_garden, roderic_roman_lattice
D:12:     layout_basic, minivault_20, kennysheep_small_spiral
D:13:     layout_roguey [special_room_orc], drop_trap
D:14:     layout_basic, david_vaults_2, chequers_serial_rivers_small_a,
          chequers_serial_rivers_small_3, kennysheep_dice
D:15:     gammafunk_enter_depths_forms, layout_basic, zin_angel, serial_shops,
          nicolae_shop_waterfront, nicolae_uskayaw_murder_on_the_dancefloor,
          uniq_louise
Depths:1: layout_basic, lightli_too_deep, minmay_misc_feat_square,
          kilobyte_mutagenic_chamber

Skill      XL: |  1  2  3  4  5  6  7  8  9 10 11 12 13 14 |
---------------+-------------------------------------------+-----
Axes           | 3 4 5 6 8 10 11 13 16 19 21 22 | 22.3
Armour         | 4 5 7 8 9 10 | 10.7
Fighting       | 4 5 6 7 8 9 11 | 11.6
Dodging        | 1 2 3 4 |  4.0
Shields        | 4 5 6 7 |  7.0
Maces & Flails | 5 6 |  6.2
Stealth        | |  0.6

Action                     |  1- 3 |  4- 6 |  7- 9 | 10-12 | 13-15 || total
---------------------------+-------+-------+-------+-------+-------++-------
  Melee: War axe           |   138 |   192 |   325 |   204 |       ||   859
         Flail             |       |       |    65 |    49 |       ||   114
         Executioner's axe |       |       |       |   198 |   131 ||   329
  Throw: Dart              |       |       |       |       |     1 ||     1
 Invoke: Ancestor Identity |       |       |     1 |       |       ||     1
         Ancestor Life: Ba |       |       |     1 |       |       ||     1
    Use: Scroll            |       |       |       |    15 |     7 ||    22
         Potion            |       |       |       |     1 |     2 ||     3
   Stab: Distracted        |       |       |     1 |     4 |     2 ||     7
 Armour: Scale mail        |   121 |    27 |       |       |       ||   148
         Ring mail         |       |   159 |   269 |    30 |       ||   458
         Plate armour      |       |       |       |   358 |   172 ||   530
  Dodge: Dodged            |    55 |    83 |   283 |   311 |    91 ||   823
  Block: Buckler           |    34 |    46 |    64 |    47 |       ||   191
         Kite shield       |       |       |       |    31 |       ||    31

Table legend: (Time is in decaauts)
 A = Elapsed time spent in this place.
 B = Non-inter-level travel time spent in this place.
 C = Inter-level travel time spent in this place.
 D = Time resting spent in this place.
 E = Time spent auto-exploring this place.
 F = Levels seen in this place.
 G = Mean time per level.
                   A        B        C        D        E       F      G
               +--------+--------+--------+--------+--------+-----+--------+
         Total |  15220 |  13371 |   1849 |      0 |  10603 |  17 |  895.3 |
       Dungeon |  14427 |  12587 |   1840 |      0 |  10092 |  15 |  961.8 |
        Depths |     41 |     32 |      9 |      0 |     18 |   1 |   41.0 |
        Bailey |    751 |    751 |      0 |      0 |    493 |   1 |  751.0 |
               +--------+--------+--------+--------+--------+-----+--------+

Top non-repeatable levels by time:
    D:15: 1498 daAuts
     D:6: 1453 daAuts
     D:7: 1187 daAuts
     D:4: 1116 daAuts
     D:9: 1075 daAuts
     D:3: 1047 daAuts
     D:2: 1036 daAuts
     D:5: 946 daAuts
     D:1: 897 daAuts
    D:14: 869 daAuts
    D:11: 808 daAuts
    D:12: 772 daAuts
  Bailey: 751 daAuts
    D:13: 660 daAuts
     D:8: 616 daAuts
